 Dungeon Crawl Stone Soup version 0.24.0-123-gd5b16e6ec5 (webtiles) character file.

Game seed: 14535705722806433706, levelgen mode: deterministic

49 vurker the Chiller (level 3, -7/15 HPs)
             Began as a Felid Ice Elementalist on Jan 28, 2020.
             Was an Initiate of Vehumet.
             Engulfed by a cloud of flame (22 damage)
             ... on level 2 of the Dungeon.
             The game lasted 00:01:47 (1336 turns).

vurker the Chiller (Felid Ice Elementalist)         Turns: 1336, Time: 00:01:47

Health: -7/15      AC:  1    Str:  4    XL:     3   Next: 53%
Magic:  7/7        EV: 18    Int: 17    God:    Vehumet [......]
Gold:   68         SH:  0    Dex: 16    Spells: 4/7 levels left
                                        Lives:  0   Deaths: 0

rFire    . . .     SeeInvis +   (weapon unavailable)
rCold    . . .     Gourm    .   (shield unavailable)
rNeg     . . .     Faith    .   (armour unavailable)
rPois    .         Spirit   .   (helmet unavailable)
rElec    .         Reflect  .   (cloak unavailable)
rCorr    .         Harm     .   (gloves unavailable)
MR       .....                  (boots unavailable)
Stlth    +++.......             (no amulet)
HPRegen  0.05/turn              (no ring)
MPRegen  0.10/turn              (no ring)

@: quick
A: very small, no armour, no weapons or thrown items, stealth, claws 1, fangs 3,
see invisible, carnivore, speed 1, shaggy fur 1, slow metabolism 1, sharp paws
a: Renounce Religion


You were on level 2 of the Dungeon.
You worshipped Vehumet.
Vehumet was noncommittal.
You were completely stuffed.

You visited 1 branch of the dungeon, and saw 2 of its levels.

You collected 68 gold pieces.

Inventory:

Scrolls
 a - a scroll of random uselessness {unknown}
 b - 2 scrolls of magic mapping {unknown}
 d - a scroll of immolation {unknown}
 f - a scroll of remove curse {unknown}
 g - a scroll of enchant weapon {unknown}
 h - a scroll of enchant armour {unknown}
Potions
 i - 2 potions of degeneration {unknown}
 j - a potion of lignification {unknown}
Comestibles
 c - a chunk of flesh
 e - 3 rations


   Skills:
 + Level 1.0 Fighting
 - Level 2.6 Dodging
 - Level 2.6 Stealth
 * Level 2.6 Spellcasting
 * Level 1.4 Conjurations
 * Level 3.2 Ice Magic


You had 4 spell levels left.
You knew the following spells:

 Your Spells              Type           Power        Failure   Level  Hunger
a - Freeze                Ice            ##..         4%          1    #......
b - Throw Frost           Conj/Ice       ##....       11%         2    ##.....

Your spell library contained the following spells:

 Spells                   Type           Power        Failure   Level  Hunger
 Ozocubu's Armour         Chrm/Ice       #.......     28%         3    ###....
 Throw Icicle             Conj/Ice       ##......     56%         4    #####..
 Summon Ice Beast         Ice/Summ       #.......     67%         4    #####..


Dungeon Overview and Level Annotations

Branches:
Dungeon (2/15)

Altars:
Vehumet
The Shining One


Innate Abilities, Weirdness & Mutations

You cannot wear armour.
You are incapable of wielding weapons or throwing items.
Your paws allow you to move quietly. (Stealth)
You have sharp claws.
You have razor-sharp teeth.
You have supernaturally acute eyesight. (SInv)
You are carnivorous and can eat meat at any time.
You cover ground quickly.
You are covered in fur. (AC +1)
You have a slow metabolism.
Your sharp claws are effective at attacking unaware monsters.


Message History

Jessica hits you.
Aim: Jessica, wearing a +0 robe (almost dead)
You freeze Jessica.
You kill Jessica!
Your Fighting skill increases to level 1!
You have reached level 3!
Your experience leads to an increase in your attributes!
Increase (S)trength, (I)ntelligence, or (D)exterity?
You feel clever.
All of the chunks of flesh in your inventory have rotted away.
You see here a +0 robe.
A leopard gecko comes into view.
A leopard gecko is nearby!
A leopard gecko is nearby!
The leopard gecko hisses angrily.
Found 24 gold pieces.
Found a bubbling white potion.
Aim: a leopard gecko (clinging)
You freeze the leopard gecko!
You kill the leopard gecko!
You butcher the leopard gecko corpse.
c - a chunk of flesh You see here a leopard gecko skeleton. x2
You now have 68 gold pieces (gained 24).
j - a bubbling white potion
Found a lumpy sapphire potion.
i - 2 lumpy sapphire potions (gained 1)
A kobold comes into view.
The kobold shouts!
A kobold is nearby!
A kobold is nearby!
Aim: a kobold You miscast Freeze.
You are very lightly contaminated with residual magic.
Nothing appears to happen.
The kobold completely misses you.
Aim: a kobold You freeze the kobold.
You kill the kobold!
Your magical contamination has completely faded away.
Found a glowing golden altar of the Shining One.
Found a radiant altar of Vehumet.
Found 20 stones.
Found a purple potion.
Really walk into a travel-excluded area?
There is a radiant altar of Vehumet here.
You sit before the altar of Vehumet.
Vehumet welcomes you!
You are engulfed in blazing flames.
Ouch! That really hurt!
You die...

#.#.#.# #
#!#.#.####.###
##.#...........
#. #...........#
#..
.####...###.#####
#..#
...(......#...#
#..#
######.§.°°.#.##
#..#
#..§.○.#..###..#
..⌠.
#.○.@..##.#...#
.⌠.⌠
#....☼○##...###
⌠._.
#......####...##
.⌠.⌠ .....####
###..##..⌠.
####.## ##..##...
#. ##..## # #.
##..### #. ##..#.
##.#.


There were no monsters in sight!

Vanquished Creatures
  Jessica (D:2)
  A leopard gecko (D:2)
  A bat (D:1)
  A giant cockroach (D:1)
  7 goblins
  A hobgoblin (D:1)
  4 kobolds
  A frilled lizard (D:1)
  3 rats (D:1)
20 creatures vanquished.

Notes
Turn   | Place    | Note
-------+----------+-------------------------------------------
     0 | D:1      | vurker the Felid Ice Elementalist began the quest for the
                  | Orb.
     0 | D:1      | Reached XP level 1. HP: 7/7 MP: 4/4
   451 | D:1      | Reached XP level 2. HP: 12/12 MP: 6/6
   488 | D:1      | Reached skill level 3 in Ice Magic
   508 | D:1      | Learned a level 2 spell: Throw Frost
   748 | D:1      | Reached skill level 1 in Conjurations
  1103 | D:2      | Noticed Jessica
  1109 | D:2      | Killed Jessica
  1109 | D:2      | Reached skill level 1 in Fighting
  1109 | D:2      | Reached XP level 3. HP: 11/15 MP: 1/7
  1316 | D:2      | Found a glowing golden altar of the Shining One.
  1326 | D:2      | Found a radiant altar of Vehumet.
  1336 | D:2      | Became a worshipper of Vehumet
  1336 | D:2      | Engulfed by a cloud of flame

Levels and vault maps discovered:
D:1:      dpeg_arrival_boxorama, layout_loops_ring
D:2:      minmay_door_path, layout_loops_ring, fiery_altar_vehumet,
          chequers_temple_overflow_statue_of_worship, tso_metal_star,
          uniq_jessica

Skill      XL: |  1  2 |
---------------+-------+-----
Ice Magic      | 3 |  3.2
Conjurations   | 1 |  1.4
Fighting       | 1 |  1.0
Dodging        | |  2.6
Stealth        | |  2.6
Spellcasting   | |  2.6

Action                   || total
-------------------------++-------
Melee: Unarmed           ||     9
       Bite              ||     1
 Cast: Freeze            ||    19
       Throw Frost       ||     4
  Eat: Chunk             ||     8
Dodge: Dodged            ||    13
